 Dungeon Crawl Stone Soup version 0.24.0-10-g970556be89 (webtiles) character file.

Game seed: 1125575922361991638, levelgen mode: deterministic

98 Arixos the Skirmisher (level 4, 0/37 HPs)
             Began as a Demonspawn Monk on Nov 4, 2019.
             Succumbed to an adder's poison
             ... on level 4 of the Dungeon.
             The game lasted 00:05:49 (2114 turns).

Arixos the Skirmisher (Demonspawn Monk)             Turns: 2114, Time: 00:05:49

Health: 0/37       AC:  8    Str: 11 (12) XL:     4   Next: 43%
Magic:  4/4        EV:  8    Int:  9 (12) God:
Gold:   73         SH:  0    Dex: 16 (17) Spells: 3/3 levels left

rFire    . . .     SeeInvis .     - Unarmed
rCold    . . .     Gourm    +   (no shield)
rNeg     . . .     Faith    .   i - +0 chain mail
rPois    .         Spirit   .   (no helmet)
rElec    .         Reflect  .   (no cloak)
rCorr    .         Harm     .   (no gloves)
MR       .....                  (no boots)
Stlth    ..........             k - amulet of the gourmand
HPRegen  0.12/turn              g - +2 ring of dexterity
MPRegen  0.09/turn              (no ring)

@: lethally poisoned (0 -> -1), very slightly contaminated, invisible
A: repulsion field 1
a: no special abilities


You were on level 4 of the Dungeon.
You were not hungry.

You visited 1 branch of the dungeon, and saw 3 of its levels.

You collected 73 gold pieces.

Inventory:

Armour
 i - a +0 chain mail (worn)
Jewellery
 g - a +2 ring of dexterity (left hand)
 k - an amulet of the gourmand (around neck)
Scrolls
 a - a scroll of noise {unknown}
 c - 2 scrolls of identify
 f - 2 scrolls of remove curse
Comestibles
 b - 4 rations


   Skills:
 + Level 3.9 Fighting
 + Level 2.0 Armour
 + Level 3.5 Dodging
 - Level 1.7 Stealth
 - Level 2.6 Unarmed Combat


You had 3 spell levels left.
You didn't know any spells.
Your spell library was empty.

Dungeon Overview and Level Annotations

Branches:
Dungeon (2/15)

Altars:


Innate Abilities, Weirdness & Mutations

You are surrounded by a mild repulsion field. (EV +2)


Message History

* * * LOW HITPOINT WARNING * * *
You miss the hound.
The hound is severely wounded.
* * * LOW HITPOINT WARNING * * *
You feel sick.
The hound bites you but does no damage. x2
You closely miss the hound.
The hound is severely wounded.
The hound barely misses you.
You hit the hound.
The hound is almost dead.
The hound barely misses you.
You hit the hound but do no damage.
The hound is almost dead.
The hound barely misses you. The hound completely misses you.
You hit the hound but do no damage.
The hound is almost dead.
The hound barely misses you.
You hit the hound but do no damage.
The hound is almost dead.
You die...

#.#.# ##.#.##.#
#####.#.###########.###...#
.>...................#.####
###.##.#############.##
##..##.####### #÷#####
#............# #.....#
##..######.#>.... #.....#
#. #.# ### #.....# # #@#
#...<.# #h#######.#.....#
#.........###.###
#..#####.. .# #..# .# ...#
.##.. .. ⌠.# .. ...


You could see a hound.

Vanquished Creatures
  A worker ant (D:4)
  A hound skeleton (D:2)
  2 adders (D:4)
  A worm (D:2)
  A leopard gecko (D:1)
  3 ball pythons
  A giant cockroach (D:1)
  4 goblins
  2 hobgoblins (D:1)
  4 jackals (D:4)
  4 bats
  2 frilled lizards (D:1)
  8 kobolds
  4 rats
38 creatures vanquished.

Notes
Turn   | Place    | Note
-------+----------+-------------------------------------------
     0 | D:1      | Arixos the Demonspawn Monk began the quest for the Orb.
     0 | D:1      | Reached XP level 1. HP: 18/18 MP: 1/1
   347 | D:1      | Gained mutation: You are surrounded by a mild repulsion
                  | field. (EV +2) [demonic ancestry]
   347 | D:1      | Reached XP level 2. HP: 23/24 MP: 2/2
   729 | D:1      | Reached skill level 1 in Armour
  1109 | D:2      | Reached XP level 3. HP: 28/29 MP: 3/3
  1401 | D:2      | You fall into a shaft and drop 2 floors!
  1819 | D:4      | HP: 1/30 [poisoned by a worker ant]
  1822 | D:4      | Reached XP level 4. HP: 11/37 MP: 4/4
  2108 | D:4      | HP: 1/37 [hound (1)]
  2114 | D:4      | Succumbed to an adder's poison

Levels and vault maps discovered:
D:1:      dpeg_arrival_signposts, layout_basic
D:2:      layout_loops_corners, hangedman_abyss_or_decor_lesser_grid
D:4:      layout_loops_ring, first_ration, gup_sewer_entry_bubbles,
          evilmike_ruin_ashenzari, uniq_eustachio

Skill      XL: |  1  2  3  4 |
---------------+-------------+-----
Dodging        | 3 |  3.5
Armour         | 1 2 |  2.0
Fighting       | |  3.9
Stealth        | |  1.7
Unarmed Combat | |  2.6

Action                   |  1- 3 |  4- 6 || total
-------------------------+-------+-------++-------
Melee: Unarmed           |   208 |    39 ||   247
       Punch             |     1 |       ||     1
  Use: Scroll            |     4 |       ||     4
       Potion            |     3 |     2 ||     5
  Eat: Chunk             |     8 |       ||     8
Armor: Robe              |     4 |       ||     4
       Chain mail        |    61 |    27 ||    88
       Ring mail         |     8 |       ||     8
       Skin              |     2 |       ||     2
Dodge: Dodged            |    96 |    14 ||   110
